 Dungeon Crawl Stone Soup version 0.28-a0-751-gef3a642a4e (webtiles) character file.

Game seed: 8522784505854812167

635 shoop the Skirmisher (level 7, -2/59 HPs)
             Began as a Formicid Fighter on Oct 30, 2021.
             Was a Believer of Zin.
             Slain by a killer bee (6 damage)
             ... on level 4 of the Dungeon.
             The game lasted 00:06:20 (3326 turns).

shoop the Skirmisher (Formicid Fighter)             Turns: 3326, Time: 00:06:21

Health: -2/59      AC: 10    Str: 23    XL:     7   Next: 79%
Magic:  8/8        EV: 10    Int:  9    God:    Zin [**....]
Gold:   167        SH:  4    Dex: 11    Spells: 6/6 levels left

rFire   . . .      SeeInvis +   a - +0 long sword
rCold   . . .      Faith    .   c - +0 buckler
rNeg    . . .      Spirit   .   b - +0 scale mail
rPois   ∞          Reflect  .   (helmet unavailable)
rElec   .          Harm     .   (no cloak)
rCorr   .          Rampage  .   j - +1 pair of gloves
Will    +....                   q - +0 pair of boots
Stlth   ..........              (no amulet)
HPRegen 0.19/turn               r - ring of willpower
MPRegen 0.11/turn               (no ring)

@: mighty, vitalised
A: permanent stasis, dig shafts and tunnels, antennae 3, four strong arms
a: Dig, Shaft Self, Renounce Religion, Recite, Vitalisation, Donate Gold


You were on level 4 of the Dungeon.
You worshipped Zin.
Zin was pleased with you.
You visited 1 branch of the dungeon, and saw 4 of its levels.

You collected 185 gold pieces.
You donated 18 gold pieces to Zin.

Inventory:

Hand Weapons
 a - a +0 long sword (weapon)
Armour
 b - a +0 scale mail (worn)
 c - a +0 buckler (worn)
 j - a +1 pair of gloves (worn)
 q - a +0 pair of boots (worn)
Jewellery
 l - a ring of fire
 r - a ring of willpower (left hand)
Scrolls
 e - a scroll of acquirement {unknown}
 f - 2 scrolls of fog {unknown}
 i - a scroll of silence {unknown}
 m - 2 scrolls of teleportation {unknown}
 o - 2 scrolls of identify {unknown}
 p - a scroll of fear {unknown}
 s - a scroll of amnesia {unknown}
Potions
 d - a potion of might
 g - 3 potions of heal wounds
 h - a potion of lignification {unknown}
 k - 3 potions of curing
 t - a potion of flight {unknown}


   Skills:
 + Level 6.9 Fighting
 - Level 4.8 Long Blades
 - Level 3.2 Armour
 - Level 2.2 Dodging
 - Level 3.6 Shields
 - Level 2.0 Invocations


You had 6 spell levels left.
You didn't know any spells.
Your spell library contained the following spells:

 Spells                   Type           Power      Damage    Failure   Level
 Tukima's Dance           Hex            0%         N/A       96%         3
 Airstrike                Air            0%         N/A       100%        4
 Passage of Golubria      Tloc           0%         N/A       100%        4
 Summon Lightning Spire   Summ/Air       0%         N/A       100%        4
 Iskenderun's Battlesphe  Conj           0%         2d6       100%        5
 Lightning Bolt           Conj/Air       0%         1d11      100%        5
 Yara's Violent Unravell  Hex/Tmut       0%         3d3       100%        5
 Iron Shot                Conj/Erth      0%         9d1       100%        6
 Spellforged Servitor     Conj/Summ      0%         N/A       100%        7


Dungeon Overview and Level Annotations

Branches:
Dungeon (4/15)
 Temple: D:4-7

Altars:
Zin

Shops:
D:2 =   D:3 :(*


Innate Abilities, Weirdness & Mutations

You cannot be hasted, slowed, berserked, paralysed or teleported.
You can dig through walls and to a lower floor.
You have a pair of large antennae on your head. (SInv)
Your four strong arms can wield two-handed weapons with a shield.


Message History

The killer bee stings you but does no damage.
The killer bee stings you.
* * * LOW HITPOINT WARNING * * *
Your divine stamina protects you from poison!
You closely miss the killer bee.
The killer bee is moderately wounded.
The killer bee barely misses you. You block the killer bee's attack.
You slash the killer bee!
The killer bee is almost dead.
The killer bee closely misses you. The killer bee completely misses you.
The killer bee barely misses you.
You barely miss the killer bee.
The killer bee is almost dead.
The killer bee closely misses you. x2
You slice the killer bee!!
You kill the killer bee!
The killer bee stings you but does no damage.
You closely miss the killer bee. The killer bee barely misses you.
The killer bee stings you but does no damage. x2
You barely miss the killer bee. You block the killer bee's attack.
The killer bee stings you but does no damage.
You miss the killer bee. The killer bee closely misses you.
The killer bee stings you but does no damage.
You miss the killer bee. You block the killer bee's attack.
The killer bee barely misses you.
You miss the killer bee. The killer bee stings you.
* * * LOW HITPOINT WARNING * * *
The killer bee stings you but does no damage.
The killer bee barely misses you.
You miss the killer bee. The killer bee stings you!
* * * LOW HITPOINT WARNING * * *
Your divine stamina protects you from poison!
The killer bee closely misses you.
You slash the killer bee!
The killer bee is heavily wounded.
The killer bee closely misses you. x2
You hit the killer bee.
The killer bee is severely wounded.
The killer bee stings you.
You die... .......... ....###### ....# .# ....# #.#.# )...# #.#.### ....# #.#.#.. <#### #.#.#.#.# .###########.#.#.#.# .........[.....#@#.# # PPPPPPPPPPP....#y#.#.#

P...P.....P)...#...#.###
PPP.PPP.PPP..#..........
........P.P.##..........
PPP.P.PPP.P.##..........
....P...P.P.##...>.[....
P.PPPPP.P.P.####.###+###
....P...P...# #..#


You could see a killer bee.

Vanquished Creatures
  A necrophage (D:4)
  A centaur (D:4)
  5 killer bees (D:4)
  An orc priest (D:4)
  A bullfrog skeleton (D:4)
  An iguana (D:4)
  2 orc wizards (D:4)
  Terence (D:3)
  2 adders (D:3)
  2 worms (D:3)
  2 dart slugs
  9 orcs
  7 endoplasms
  3 giant cockroaches
  3 goblins (D:2)
  3 hobgoblins
  7 quokkas
  6 ball pythons
  8 bats
  A frilled lizard (D:3)
  4 kobolds
  A rat (D:3)
71 creatures vanquished.

Notes
Turn   | Place    | Note
-------+----------+-------------------------------------------
     0 | D:1      | shoop the Formicid Fighter began the quest for the Orb.
     0 | D:1      | Reached XP level 1. HP: 18/18 MP: 1/1
   119 | D:1      | Reached XP level 2. HP: 16/24 MP: 2/2
   691 | D:2      | Reached XP level 3. HP: 27/29 MP: 3/3
   749 | D:2      | Found Pisot's Jewellery Shoppe.
  1378 | D:2      | Found a glowing silver altar of Zin.
  1385 | D:2      | Became a worshipper of Zin the Law-Giver
  1646 | D:3      | Found Dimuy's Book Shoppe.
  1667 | D:3      | Noticed Terence
  1676 | D:3      | Killed Terence
  1677 | D:3      | Reached XP level 4. HP: 29/35 MP: 4/4
  2236 | D:3      | Reached * piety under Zin
  2249 | D:3      | Found Lukloc's Weapon Shoppe.
  2259 | D:3      | Reached XP level 5. HP: 38/41 MP: 5/5
  2300 | D:3      | Found Haud's Assorted Antiques.
  2754 | D:4      | Reached skill level 1 in Invocations
  2823 | D:4      | Reached ** piety under Zin
  2824 | D:4      | Noticed a necrophage
  2841 | D:4      | Killed a necrophage
  2842 | D:4      | Reached XP level 6. HP: 32/47 MP: 5/7
  3017 | D:4      | Reached skill level 4 in Fighting
  3162 | D:4      | Reached skill level 5 in Fighting
  3162 | D:4      | Reached XP level 7. HP: 52/56 MP: 8/8
  3277 | D:4      | Reached skill level 6 in Fighting
  3326 | D:4      | Slain by a killer bee

Illustrated notes

Levels and vault maps discovered:
D:1:      scummos_arrival_star, layout_rooms
D:2:      layout_loops_ring, serial_shops, shop, basic_altar, st_stairs_9
D:3:      layout_basic, serial_shops, shop, nicolae_shop_crystal, shop,
          serial_park_tiny_1, hangedman_decor_growths, uniq_terence
D:4:      layout_basic, minmay_temple_entry_nine_rooms, minmay_hedge_maze

Skill      XL: |  1  2  3  4  5  6  7 |
---------------+----------------------+-----
Long Blades    | 3 4 |  4.8
Invocations    | 2 |  2.0
Dodging        | 2 |  2.2
Fighting       | 5 6 |  6.9
Armour         | |  3.2
Shields        | |  3.6

Action                   |  1- 3 |  4- 6 |  7- 9 || total
-------------------------+-------+-------+-------++-------
Melee: Long sword        |    83 |   102 |    69 ||   254
Invok: Recite            |       |     1 |       ||     1
       Vitalisation      |       |       |     1 ||     1
 Abil: Dig               |     1 |       |       ||     1
  Use: Potion            |       |       |     4 ||     4
 Stab: Confused          |       |     1 |       ||     1
Armor: Scale mail        |    37 |    37 |    33 ||   107
Dodge: Dodged            |    40 |    37 |    42 ||   119
Block: Buckler           |    24 |    20 |    30 ||    74

Table legend: (Time is in decaauts)
 A = Elapsed time spent in this place.
 B = Non-inter-level travel time spent in this place.
 C = Inter-level travel time spent in this place.
 D = Time resting spent in this place.
 E = Time spent auto-exploring this place.
 F = Levels seen in this place.
 G = Mean time per level.
                   A        B        C        D        E       F      G
               +--------+--------+--------+--------+--------+-----+--------+
         Total |   3374 |   3252 |    122 |      2 |   2626 |   4 |  843.5 |
       Dungeon |   3374 |   3252 |    122 |      2 |   2626 |   4 |  843.5 |
               +--------+--------+--------+--------+--------+-----+--------+

Top non-repeatable levels by time:
     D:3: 1017 daAuts
     D:1: 997 daAuts
     D:4: 692 daAuts
     D:2: 667 daAuts
